 Dungeon Crawl Stone Soup version 0.19-a0-734-ge18daf0 (webtiles) character file.

13222 HAL9000 the Fencer (level 11, -3/92 HPs)
             Began as a Minotaur Chaos Knight on June 22, 2016.
             Slain by a 12-headed hydra (11 damage)
             ... on level 10 of the Dungeon.
             The game lasted 00:31:34 (12682 turns).

HAL9000 the Fencer (Minotaur Chaos Knight)         Turns: 12682, Time: 00:31:34

Health: -3/92      AC: 14    Str: 24    XL:     11   Next: 72%
Magic:  10/10      EV: 12    Int:  9    God:    Xom [..*...]
Gold:   672        SH:  2    Dex: 11    Spells: 0 memorised, 10 levels left

rFire  x . .     SeeInvis +     X - +3 great sword
rCold  + + +     Gourm    .     O - +0 ice dragon armour
rNeg   . . .     Faith    .     (shield currently unavailable)
rPois  .         Spirit   .     (helmet restricted)
rElec  .         Dismiss  .     T - +0 cloak
rCorr  .         Reflect  +     (no gloves)
SustAt .         Harm     .     y - +0 pair of boots
MR     .....                    R - +2 amulet of reflection
Stlth  ..........               Q - ring of protection from cold
                                S - ring of see invisible

@: mighty, lethally poisoned (-3 -> -6), very slightly contaminated, hasted,
drained, very quick, not resistant to hostile enchantments, extremely unstealthy
A: retaliatory headbutt, horns 2, slimy green scales 1, yellow scales 1,
deformed body, mutation resistance 1
a: Renounce Religion


You were on level 10 of the Dungeon.
You worshipped Xom.
You were a toy of Xom.
You were full.

You visited 1 branch of the dungeon, and saw 11 of its levels.
You also visited: Sewer.

You collected 672 gold pieces.

Inventory:

Hand Weapons
 a - a +1 falchion of chaos
 I - a +4 rapier
 X - a +3 great sword (weapon)
Missiles
 E - 8 tomahawks (quivered)
 U - 6 javelins of returning
 V - 8 javelins
Armour
 p - a +0 shield
 y - a +0 pair of boots (worn)
 O - a +0 ice dragon armour (worn)
 T - a +0 cloak (worn)
Rods
 B - a +1 rod of clouds (9/9)
   (You found it on level 10 of the Dungeon)
Jewellery
 k - an uncursed ring of ice
 o - an uncursed amulet of harm
 x - an uncursed amulet of guardian spirit
 Q - a ring of protection from cold (right hand)
 R - a +2 amulet of reflection (around neck)
 S - a ring of see invisible (left hand)
 Y - an uncursed ring of sustain attributes
Wands
 D - a wand of iceblast (11/15)
 F - a wand of iceblast (8/15)
 H - a wand of confusion (24/48)
 M - a wand of flame (24/48)
 Z - a wand of confusion (28/48)
Scrolls
 e - 5 scrolls of identify
 n - 4 scrolls of amnesia
 r - 5 scrolls of remove curse
 s - a scroll of fog {unknown}
 N - a scroll of enchant weapon
Potions
 d - 3 potions of cure mutation
 f - a potion of brilliance {unknown}
 g - 2 potions of might
 i - a potion of haste
 j - 4 potions of curing
 l - 2 potions of ambrosia {unknown}
 t - 2 potions of magic {unknown}
 v - a potion of berserk rage {unknown}
 w - 4 potions of degeneration {unknown}
 z - 3 potions of agility {unknown}
 A - a potion of mutation {unknown}
 K - 2 potions of flight {unknown}
 W - 6 potions of lignification {unknown}
Comestibles
 c - 6 bread rations
 C - 18 fruits
 J - 2 beef jerkies
 P - 3 meat rations


   Skills:
 + Level 7.2(6.9) Fighting
 - Level 18.0(17.7) Long Blades
 + Level 9.0(8.8) Armour
 + Level 5.3(5.0) Dodging


You had 10 spell levels left.
You didn't know any spells.

Dungeon Overview and Level Annotations

Branches:
Dungeon (11/15)            Temple (0/1) D:7            Lair (0/6) D:10
    Orc: D:9-12

Altars:
Ashenzari
Fedhas
Kikubaaqudgha
Nemelex Xobeh
Pakellas
Ru
Sif Muna
Uskayaw
Xom
Zin
The Shining One
Beogh

Annotations:
D:11 Josephine, Psyche


Innate Abilities, Weirdness & Mutations

You reflexively headbutt those who attack you in melee.
You have a pair of horns on your head.
You are partially covered in slimy green scales. (AC +2)
You are partially covered in yellow scales. (AC +2)
Armour fits poorly on your strangely shaped body.
You are somewhat resistant to further mutation.


Message History

The 11-headed hydra bites you but does no damage.
The 11-headed hydra closely misses you.
The 11-headed hydra bites you but does no damage. x2
The scorpion stings you but does no damage.
You hack one of the 11-headed hydra's heads off!
The ten-headed hydra grows two more!
You slash the 12-headed hydra!
The 12-headed hydra is heavily wounded.
You feel sick. Xom smiles on you.
You feel very mighty all of a sudden.
Unknown command.
You completely miss the 12-headed hydra.
You headbutt the 12-headed hydra!!
The 12-headed hydra is almost dead.
The 12-headed hydra bites you.
* * * LOW HITPOINT WARNING * * *
The 12-headed hydra bites you but does no damage.
The 12-headed hydra closely misses you. The 12-headed hydra bites you!
You die...
Xom laughs nastily!

###.#....................### #
..#.#.......#..............# #
#.#.#.......'..............# #
#.#.#.......#..............# #
#.#.'......................# #
#.###......................######
#.# #........##.h.....'....'.....
#.# #..[.....###s##.#.#[...######
#.# #.........##@DW_...(........#
#.# #####.....#####.#.#########.#
#.# #.....#####.#.# #.. #.#
#.......).#.#.###### ##. #.#
#.....###.#.#......# #.
#.#######.....# #[#.#......######
#..........#### #.#C#......+.....
#..........# #.#.#......######
#..........# #.#.........####.


You could see a 12-headed hydra, a wraith, a scorpion and a hound.

Vanquished Creatures
  Urug (D:10)
  An unseen horror (D:11)
  Pikel (D:6)
  The ghost of tstbtto the Cleaver, a novice MiFi of Hepliaklqana (D:6)
  2 hill giants (D:11)
  An obsidian statue (D:10)
  A manticore (D:11)
  A komodo dragon (D:10)
  A kobold demonologist (D:11)
  2 trolls
  8 yaks
  2 wyverns
  4 wraiths (D:11)
  Eustachio (D:4)
  2 hippogriffs
  2 hungry ghosts
  A water moccasin (D:9)
  3 orc warriors
  3 phantoms
  4 sky beasts
  Purgy (Sewer)
  2 slaves (D:6)
  2 black bears
  2 ice beasts
  A necrophage (D:11)
  4 ogres
  7 centaurs
  2 big kobolds
  8 giant frogs
  A gnoll sergeant (D:3)
  2 scorpions
  7 wights
  4 howler monkeys
  4 crimson imps
  2 centaur zombies
  2 giant frog zombies
  6 hounds
  A giant frog skeleton (D:4)
  4 orc priests
  6 jellies
  7 orc wizards
  Crazy Yiuf (D:7)
  A centaur skeleton (D:6)
  Terence (D:2)
  2 iguanas
  7 worker ants
  2 hound zombies
  A worker ant zombie (D:6)
  15 gnolls
  19 adders
  2 shadow imps
  3 oozes
  2 adder zombies (D:5)
  2 worms (D:3)
  2 dart slugs (D:1)
  10 giant geckos
  49 orcs
  6 giant cockroaches
  6 goblins (D:2)
  7 hobgoblins
  17 jackals
  14 kobolds
  6 quokkas
  A ball python (D:2)
  12 bats
  A giant gecko zombie (D:7)
  9 giant newts
  2 quokka skeletons
  A quokka zombie (D:5)
  9 rats
327 creatures vanquished.

Vanquished Creatures (others)
  A yak (D:7)
  An orc warrior (D:7)
  A wight (D:9)
  A jelly (D:7)
  An orc wizard (D:7)
  A plant (D:10)
6 creatures vanquished.

Grand Total: 333 creatures vanquished

Notes
Turn   | Place    | Note
--------------------------------------------------------------
     0 | D:1      | HAL9000 the Minotaur Chaos Knight began the quest for the Orb.
     0 | D:1      | Reached XP level 1. HP: 19/19 MP: 0/0
    87 | D:1      | XOM: divination: detect creatures
   147 | D:1      | XOM: harmless Necr miscast
   329 | D:1      | Reached skill level 4 in Long Blades
   329 | D:1      | Reached XP level 2. HP: 27/27 MP: 1/1
   348 | D:1      | XOM: divination: detect creatures
   475 | D:1      | XOM: fog
   661 | D:1      | XOM: scenery: create altars
   865 | D:1      | Reached XP level 3. HP: 29/33 MP: 2/2
  1086 | D:2      | Noticed Terence
  1113 | D:2      | Killed Terence
  1113 | D:2      | Reached skill level 5 in Long Blades
  1113 | D:2      | Reached XP level 4. HP: 37/40 MP: 3/3
  1177 | D:2      | XOM is BORED!
  1177 | D:2      | XOM: summons 1 hostile demon
  1205 | D:2      | XOM: mild Air miscast
  1376 | D:2      | XOM: summons 3 hostile shadow creatures
  1380 | D:2      | XOM: harmless Chrm miscast
  1390 | D:2      | XOM: give mutations
  1390 | D:2      | Gained mutation: You are weak. (Str -2) [Xom's mischief]
  1390 | D:2      | Gained mutation: You are very weak. (Str -4) [Xom's mischief]
  1390 | D:2      | Gained mutation: You are clumsy. (Dex -2) [Xom's mischief]
  1390 | D:2      | Gained mutation: You are dopey. (Int -2) [Xom's mischief]
  1489 | D:2      | XOM: summons 2 hostile demons
  1857 | D:3      | Found a glowing drain.
  1864 | D:3      | Reached XP level 5. HP: 47/47 MP: 4/4
  1891 | Sewer    | Entered a sewer
  1896 | Sewer    | Noticed Purgy
  1899 | Sewer    | XOM: harmless Pois miscast
  1908 | Sewer    | Killed Purgy
  1908 | Sewer    | Reached skill level 7 in Long Blades
  2290 | D:3      | Found a shattered altar of Ashenzari.
  2321 | D:3      | Reached XP level 6. HP: 52/53 MP: 5/5
  2913 | D:2      | XOM: harmless Chrm miscast
  3180 | D:3      | XOM: mild Summ miscast
  3519 | D:3      | Reached skill level 8 in Long Blades
  3630 | D:3      | XOM: give mutations
  3630 | D:3      | Lost mutation: You are dopey. (Int -2) [Xom's mischief]
  3630 | D:3      | Lost mutation: You are clumsy. (Dex -2) [Xom's mischief]
  3660 | D:3      | XOM: summons 2 hostile shadow creatures
  3776 | D:3      | XOM: medium Necr miscast
  3985 | D:4      | Noticed Eustachio
  4008 | D:3      | XOM: give mutations
  4008 | D:3      | Gained mutation: You evolve. [Xom's mischief]
  4008 | D:3      | Lost mutation: You evolve. [Xom's mischief]
  4008 | D:3      | Gained mutation: Armour fits poorly on your strangely shaped body. [Xom's mischief]
  4040 | D:4      | XOM: swap monsters
  4041 | D:4      | XOM: butterfly on damage
  4043 | D:4      | Reached skill level 9 in Long Blades
  4043 | D:4      | Reached XP level 7. HP: 27/60 MP: 6/6
  4221 | D:4      | XOM: swap monsters
  4250 | D:3      | XOM: blink monster(s)
  4435 | D:3      | XOM: give mutations
  4435 | D:3      | Gained mutation: You are partially covered in slimy green scales. (AC +2) [Xom's mischief]
  4435 | D:3      | Lost mutation: Armour fits poorly on your strangely shaped body. [Xom's mischief]
  4435 | D:3      | Lost mutation: You are very weak. (Str -4) [Xom's mischief]
  4435 | D:3      | Gained mutation: Your magical capacity is low. (-10% MP) [Xom's mischief]
  4549 | D:4      | Killed Eustachio
  4549 | D:4      | Reached skill level 10 in Long Blades
  4905 | D:4      | XOM: enchant monster (good)
  5024 | D:5      | Entered Level 5 of the Dungeon
  5030 | D:5      | Reached XP level 8. HP: 67/67 MP: 6/6
  5090 | D:5      | Reached skill level 11 in Long Blades
  5155 | D:5      | XOM: chaos upgrade
  5171 | D:5      | Reached skill level 5 in Armour
  5428 | D:5      | XOM: smoke on damage
  5453 | D:5      | XOM: enchant monster (good)
  5871 | D:5      | Found a hide-covered altar of Uskayaw.
  5975 | D:5      | XOM: silly message
  6363 | D:5      | XOM: give mutations
  6363 | D:5      | Lost mutation: You are weak. (Str -2) [Xom's mischief]
  6363 | D:5      | Lost mutation: Your magical capacity is low. (-10% MP) [Xom's mischief]
  6670 | D:6      | Reached skill level 12 in Long Blades
  6675 | D:6      | Noticed Pikel
  6685 | D:6      | XOM: blink monster(s)
  6688 | D:6      | XOM: potion effect (agility)
  6698 | D:6      | XOM: potion effect (might)
  6704 | D:6      | Killed Pikel
  6704 | D:6      | Reached skill level 13 in Long Blades
  6704 | D:6      | Reached XP level 9. HP: 65/72 MP: 8/8
  6726 | D:6      | Found an ancient bone altar of Kikubaaqudgha.
  6966 | D:6      | Noticed tstbtto's ghost (novice MiFi)
  6966 | D:6      | XOM: cleaving
  6994 | D:6      | Killed tstbtto's ghost
  6994 | D:6      | Reached skill level 14 in Long Blades
  7632 | D:7      | XOM: noise
  7643 | D:7      | XOM: chaos upgrade
  7650 | D:7      | XOM: noise
  7673 | D:7      | Found a shattered altar of Ashenzari.
  7678 | D:7      | XOM: mild Hex miscast
  7709 | D:7      | Noticed Crazy Yiuf
  7722 | D:7      | Reached skill level 15 in Long Blades
  7725 | D:7      | Killed Crazy Yiuf
  7838 | D:7      | XOM: destruction
  7840 | D:7      | XOM: stat loss: -1 Str (18/19)
  7842 | D:7      | XOM: noise
  7846 | D:7      | Reached XP level 10. HP: 74/80 MP: 9/9
  7847 | D:7      | XOM: 4-stop teleportation journey
  7869 | D:7      | XOM: swap monsters
  8062 | D:7      | Found an oddly glowing altar of Pakellas.
  8062 | D:7      | Noticed an orange crystal statue
  8097 | D:7      | Found a staircase to the Ecumenical Temple.
  8194 | D:7      | XOM: mild Chrm miscast
  8486 | D:8      | Identified a +0 rod of clouds (9/9) (You found it on level 8 of the Dungeon)
  8720 | D:8      | Reached skill level 16 in Long Blades
  8806 | D:8      | Found a glowing golden altar of the Shining One.
  8952 | D:8      | Found a glowing silver altar of Zin.
  8990 | D:8      | Found a deep blue altar of Sif Muna.
  9230 | D:8      | Found a sparkling altar of Nemelex Xobeh.
  9313 | D:9      | XOM: cast spell 'Dragon Form'
  9326 | D:9      | XOM: harmless Conj miscast
  9369 | D:9      | XOM: enchant monster (good)
  9498 | D:9      | XOM: 2-stop teleportation journey
  9510 | D:9      | XOM: smoke on damage
  9686 | D:9      | XOM: harmless Ice miscast
  9856 | D:9      | XOM: god gift: plate armour {god gift}
  9936 | D:9      | XOM: scenery: create altars
  9960 | D:9      | Reached skill level 17 in Long Blades
 10057 | D:9      | XOM: mild Divn miscast
 10213 | D:9      | Found a roughly hewn altar of Beogh.
 10474 | D:9      | Found a blossoming altar of Fedhas.
 10475 | D:9      | Found a sacrificial altar of Ru.
 10485 | D:9      | XOM: harmless Summ miscast
 10622 | D:10     | Entered Level 10 of the Dungeon
 10663 | D:10     | XOM: give mutations
 10663 | D:10     | Gained mutation: You are somewhat resistant to further mutation. [Xom's grace]
 10663 | D:10     | Gained mutation: You are partially covered in yellow scales. (AC +2) [Xom's grace]
 10703 | D:10     | Identified a +1 rod of clouds (9/9) (You found it on level 10 of the Dungeon)
 10714 | D:10     | Found a staircase to the Lair.
 10737 | D:10     | Noticed an obsidian statue
 10747 | D:10     | XOM: summons friendly iron imp
 10855 | D:10     | XOM: scenery: 1 doors open, 1 doors close
 10874 | D:10     | Noticed a hill giant
 10879 | D:10     | XOM: scenery: create altars
 10882 | D:10     | XOM: cast spell 'Ring of Flames'
 10889 | D:10     | XOM: 1-stop teleportation journey
 11027 | D:10     | XOM: silly message
 11032 | D:10     | Reached XP level 11. HP: 78/85 MP: 10/10
 11248 | D:10     | XOM: potion effect (invisibility)
 11250 | D:10     | Reached skill level 18 in Long Blades
 11266 | D:10     | Noticed Urug
 11273 | D:10     | Killed Urug
 11277 | D:10     | Reached skill level 5 in Fighting
 11797 | D:10     | XOM: confuse monster(s)
 11808 | D:10     | Killed an obsidian statue
 11875 | D:11     | XOM: cleaving
 11938 | D:11     | Noticed an unseen horror
 11940 | D:11     | XOM: potion effect (invisibility)
 11950 | D:11     | Killed an unseen horror
 12019 | D:11     | XOM: cloud trail
 12194 | D:11     | Noticed a hill giant
 12194 | D:11     | XOM: blink monster(s)
 12195 | D:11     | XOM: god gift: bread ration {god gift}
 12202 | D:11     | Killed a hill giant
 12211 | D:11     | Noticed a hill giant
 12214 | D:11     | XOM: scenery: create altars
 12222 | D:11     | Killed a hill giant
 12222 | D:11     | Reached skill level 5 in Dodging
 12257 | D:11     | XOM is BORED!
 12257 | D:11     | XOM: give mutation
 12257 | D:11     | Gained mutation: Armour fits poorly on your strangely shaped body. [Xom's mischief]
 12282 | D:11     | Noticed Josephine
 12286 | D:11     | Noticed Psyche
 12290 | D:11     | XOM: summons 2 friendly demons
 12307 | D:11     | XOM: cast spell 'Summon Small Mammal'
 12309 | D:11     | XOM: divination: detect creatures
 12377 | D:10     | XOM: mild Fire miscast
 12660 | D:11     | Noticed a seven-headed hydra
 12660 | D:11     | Noticed a hill giant
 12668 | D:11     | XOM: divination: magic mapping
 12681 | D:10     | XOM: potion effect (might)
 12682 | D:10     | Slain by a 12-headed hydra

Vault maps used:
D:1:      shiori_arrival_maze, serial_bayou_lagoon_b
D:2:      serial_glass, glass_columns_a, glass_columns_c, feat_on_display,
          minivault_26, uniq_terence
D:3:      nicolae_overflow_crystal_walls, portal_sewer_entry_f
D:4:      uniq_eustachio
D:5:      marbit_many_paths, first_bread, hangedman_glass_teeth
D:6:      lemuel_round_altar, uniq_pikel
D:7:      gammafunk_pakellas_statue_experiment, basic_altar,
          uniq_crazy_yiuf_cottage
D:8:      overflow_temple_1_default, kennysheep_mini_moat, kennysheep_mini,
          blue_anna_alchemist, grunt_ministairs_8, nemelex_diamond_rough_becter
D:9:      gammafunk_temple_overflow_pools, special_room
D:10:     david_lair_shrubbed, minivault_16, uniq_urug
D:11:     cheibrodos_orc_bank, orc_0_dummy, st_stairs_7, onia_ninara_cookie,
          uniq_josephine, uniq_psyche
Sewer:    kennysheep_door_sewer

Skill      XL: |  1  2  3  4  5  6  7  8  9 10 11 |
---------------+----------------------------------+-----
Long Blades    | 4 5 7 9 10 13 15 17 18 | 18.0
Fighting       | 4 7 |  7.2
Armour         | 3 4 6 9 |  9.0
Dodging        | 5 |  5.3

Action                   |  1- 3 |  4- 6 |  7- 9 | 10-12 || total
-------------------------+-------+-------+-------+-------++-------
Melee: Falchion          |    78 |   222 |    40 |       ||   340
       Headbutt          |     8 |    23 |    43 |    72 ||   146
       Rapier            |       |       |   133 |       ||   133
       Great sword       |       |       |   127 |   407 ||   534
Throw: Tomahawk          |       |       |     4 |     5 ||     9
Evoke: Wand              |       |       |     3 |       ||     3
       Rod               |       |       |       |     2 ||     2
  Use: Scroll            |       |     8 |     6 |     2 ||    16
       Potion            |       |       |     1 |     3 ||     4
 Stab: Petrifying        |       |     1 |       |       ||     1
       Paralysed         |       |       |     1 |       ||     1
       Invisible         |       |       |     1 |     3 ||     4
  Eat: Chunk             |     1 |     8 |    12 |    14 ||    35
       Fruit             |       |     1 |     1 |     8 ||    10
       Bread ration      |       |       |       |     1 ||     1
Armor: Leather armour    |    33 |    94 |    22 |       ||   149
       Ice dragon armour |       |       |    99 |   219 ||   318
Dodge: Dodged            |    44 |   149 |   113 |   206 ||   512
Block: Other             |       |       |     8 |    29 ||    37
       Reflection        |       |       |       |     3 ||     3
